[Event "Qatar Masters 2024"]
[Site "Doha"]
[Date "2024.12.03"]
[Round "1.10"]
[White "Martirosyan, Haik M."]
[Black "Panda Sambit"]
[Result "1-0"]
[Annotator "TA"]
[ECO "D26"]
[WhiteElo "2676"]
[BlackElo "2380"]
[PlyCount "91"]
[EventDate "2024.11.24"]
[EventType "swiss"]
[EventCountry "QAT"]
[SourceTitle "playchess.com"]
[Source "ChessBase"]
[SourceQuality "1"]
[TimeControl "40/5400+30:1800+30"]

1. d4 d5 2. c4 dxc4 3. Nf3 Nf6 4. e3 e6 5. Bxc4 c5 6. O-O cxd4 7. Nxd4 Bc5 8. b3 O-O 9. Bb2 Qe7 {[%emt 0:00:05] The position is equal.} 10. Nd2 Rd8 11. Qc2 b6 12. Ne4 Bxd4 13. Bxd4 {[%emt 0:01:47] [#] Threatens to win with Nxf6+.} Nbd7 14. Ng3 Bb7 15. Rad1 a6 16. e4 b5 17. Be2 Rac8 {[%emt 0:04:10] Wards off Qc7} 18. Qb1 Nc5 19. Bf3 Nfd7 20. Qb2 e5 21. Bc3 {[%emt 0:02:54] A strong pair of Bishops.} g6 22. Bb4 Qg5 {[%emt 0:15:59] [#] Black cannot hold the game after this.} (22... Rc6 $14) 23. Qd2 $1 $18 Qh4 (23... Qf6 {was worth a try.} 24. Qe3 Ne6) 24. Ba5 Ne6 25. Qe3 Nd4 (25... h5 $142 26. Rd2 (26. Bxd8 Qxd8 27. Ne2 Qe7 $18) 26... Ndf8) 26. Bxd8 Rxd8 27. Ne2 Nxf3+ 28. Qxf3 Bxe4 29. Qe3 {[%emt 0:00:28] Strongly threatening g3.} Bf5 30. Ng3 Be6 31. Qa7 Qe7 32. Ne4 Kf8 33. Qxa6 Rb8 34. Qa7 {[%emt 0:00:35][%cal Od1d7] And now Rxd7! would win.} Rc8 35. Rc1 {[%emt 0:02:03] Repels Nc5} Rxc1 36. Rxc1 Kg7 37. Rd1 Qb4 38. Qe3 h6 39. f3 Qa5 40. Qf2 b4 41. h3 Nb6 42. Qc5 {[%emt 0:00:00] White is clearly winning.} Qxc5+ 43. Nxc5 Nd5 44. Nxe6+ fxe6 45. Re1 Kf6 46. Re4 {[%emt 0:00:00] Weighted Error Value: White=0.10 (very precise) /Black=0.18 (very precise) .  Mistake:       	---       	Black=3      Inaccurate:     	White=2     	Black=1      OK:         	White=18    	Black=15     Best:        	White=3     	Black=1      Strong:       	White=1     	---} 1-0

[Event "Qatar Masters 2024"]
[Site "Doha"]
[Date "2024.12.03"]
[Round "1.11"]
[White "Kamalidenova, Meruert"]
[Black "Narayanan S L"]
[Result "0-1"]
[Annotator "TA"]
[ECO "B32"]
[WhiteElo "2378"]
[BlackElo "2647"]
[PlyCount "148"]
[EventDate "2024.11.24"]
[EventType "swiss"]
[EventCountry "QAT"]
[SourceTitle "playchess.com"]
[Source "ChessBase"]
[SourceQuality "1"]
[TimeControl "40/5400+30:1800+30"]

1. e4 c5 2. Nf3 Nc6 3. d4 cxd4 4. Nxd4 e5 5. Nb5 d6 6. N1c3 a6 7. Na3 Be7 8. Nc4 Nf6 9. Bd3 Bg4 10. f3 Be6 {[%emt 0:00:10] The position is equal.} 11. Be3 (11. Ne3 $142) 11... Nd4 (11... d5 $11 12. exd5 Nxd5 13. Nxd5 Qxd5) 12. Bxd4 (12. Bf2 $14) 12... exd4 $11 13. Ne2 d5 14. exd5 Nxd5 15. Nxd4 Bb4+ 16. Kf1 b5 17. Nxe6 fxe6 18. Qe2 $1 Nf4 (18... bxc4 {simplifies} 19. Qxe6+ Ne7 20. Qxc4 Bd6) 19. Qe4 Nxd3 20. Ne3 (20. cxd3 $2 bxc4 21. Qxe6+ Be7 22. dxc4 Rb8 $19) 20... O-O 21. Rd1 Qf6 22. Rxd3 Qxb2 23. Qxe6+ Kh8 24. Qb3 $1 Qa1+ 25. Rd1 Qe5 $36 {[%emt 0:00:59][%mdl 2048] Black has good play.} 26. Qxb4 Qxe3 27. Qd4 Qa3 28. Kf2 Qxa2 29. Rd2 Qf7 30. Ra1 h6 31. c3 (31. c4 $1 $11) 31... Rfe8 32. Raa2 Qc7 33. Re2 a5 (33... Qxh2 $6 34. Rxe8+ Rxe8 35. Rxa6 $11) 34. h4 a4 35. Qd5 Qb6+ 36. Kg3 Red8 37. Qf5 (37. Re6 $15) 37... Rf8 (37... Qc7+ $142 $1 38. Kg4 Qc4+ (38... Qxc3 39. Qxb5 a3 40. Re4 $15) 39. Kg3 a3 (39... Qxc3 40. Qxb5 a3 41. Re7 $15)) 38. Qd5 Qc7+ 39. Kh3 Rab8 (39... Qxc3 40. Qxb5 a3 41. Re7 $15) 40. Rab2 Rfd8 41. Qe5 (41. Qf5 $15) 41... Qd7+ ({Black should try} 41... Qc6 $17 {Hoping for ...a3.} 42. Ra2 Ra8) 42. Kh2 (42. Qe6 $15) 42... Re8 $2 (42... a3 $1 $19 43. Rb4 Re8) 43. Rxb5 Rxe5 44. Rxb8+ Kh7 45. Rxe5 {[%emt 0:00:00][%mdl 4096] Endgame. KQ-KRR} Qc7 46. Rbb5 a3 47. Rbc5 Qd6 {[%emt 0:00:00] And now ...a2 would win.} 48. Ra5 Qc7 (48... a2 $5 49. f4 $8 Qd2 $11) 49. Rac5 Qf7 {[%emt 0:00:00] aiming for ...a2.} (49... Qb8 $5 50. Rb5 $8 Qc8 $11) 50. Rf5 Qe7 51. Kh3 {[%emt 0:02:57][%mdl 8192] [#] White is now going downhill.} (51. Ra5 $11) 51... a2 $1 $19 ({Worse is} 51... Qe1 52. Ra5 $11) 52. Ra5 {[%emt 0:00:03] [#]} Qe6 53. g4 Qe2 54. h5 Qf1+ 55. Kg3 a1=Q 56. Rxa1 Qxa1 {[%emt 0:00:00] KQ-KR} 57. c4 Qg1+ 58. Kh3 Qf1+ 59. Kg3 Qxc4 60. Kf2 Qd3 61. Kg3 Qe3 62. Kg2 Qe1 63. Rf8 Qd2+ 64. Kf1 Qh2 65. Ke1 Qg2 66. Kd1 Qf2 67. Rf4 Kg8 68. Rf5 {[%emt 0:00:10] [#]} g6 $1 69. hxg6 Kg7 {[%emt 0:00:03][%cal Of2e3] ( -> ...Qe3!)} 70. Kc1 Kxg6 (70... Qe2 $142 71. Rf7+ Kxg6 72. Rf5 Qd3 73. f4 Qg3 74. Kd2 Qxg4 75. Re5 Qxf4+ 76. Re3 Kh5 77. Ke2 Kg4 78. Ra3 Qc4+ 79. Rd3 h5 (79... Qxd3+ {is a self mate.} 80. Kxd3 Kf3 81. Kd2 Kf2 82. Kd3 h5 83. Kd4 h4 84. Ke4 h3 85. Ke5 h2 86. Ke6 h1=Q 87. Kd7 Qd5+ 88. Ke7 Kg3 89. Kf6 Qe4 90. Kf7 Kf4 91. Kf8 Kf5 92. Kg8 Kf6 93. Kh8 Kg6 94. Kg8 Qe8#) 80. Kd2 h4 (80... Qxd3+ {gets mated.} 81. Kxd3 Kf3 82. Kc4 h4 83. Kd5 h3 84. Kd4 h2 85. Ke5 h1=Q 86. Ke6 Qd1 87. Kf6 Qd6+ 88. Kg7 Qe7+ 89. Kh8 Kf4 90. Kg8 Kg5 91. Kh8 Kh6 92. Kg8 Qg7#) 81. Ke3 h3 (81... Qxd3+ 82. Kxd3 h3 83. Ke4 h2 84. Ke5 h1=Q 85. Kd6 Qc1 86. Kd5 Kf4 87. Kd6 Ke4 88. Ke6 Qc7 89. Kf6 Qe5+ 90. Kf7 Kf5 91. Kg8 Kf6 92. Kh7 Qc7+ 93. Kh8 Qg7#) 82. Rd4+ Qxd4+ 83. Kxd4 h2 84. Ke5 h1=Q (84... h1=R 85. Kd6 Kf4 86. Kd5 Rh5+ 87. Kd4 Kf3 88. Kd3 Rh4 89. Kd2 Rd4+ 90. Kc3 Ke3 91. Kc2 Rd3 92. Kc1 Rd2 93. Kb1 Rh2 94. Ka1 Kd3 95. Kb1 Kc3 96. Ka1 Kb3 97. Kb1 Rh1#) 85. Kd6 Qc1 86. Kd5 Qc3 87. Kd6 Kf5 88. Kd5 Qb4 89. Kc6 Ke6 90. Kc7 Qb5 91. Kc8 Kd6 92. Kd8 Qd7#) 71. Kb1 {[%emt 0:00:13] [#]} h5 $1 72. Rxh5 Qxf3 73. Kb2 Qxg4 74. Rc5 Qb4+ {[%emt 0:00:04] Weighted Error Value: White=0.44/Black=0.14 (very precise) .  Loses game:     	White=1     	---        Missed win:     	---       	Black=1      Mistake:       	White=6     	Black=3      Inaccurate:     	White=6     	Black=6      OK:         	White=18    	Black=16     Best:        	White=3     	Black=4      Strong:       	White=2     	Black=1} 0-1

[Event "Qatar Masters 2024"]
[Site "Doha"]
[Date "2024.12.03"]
[Round "1.12"]
[White "Nguyen, Ngoc Truong Son"]
[Black "Vaz, Ethan"]
[Result "1/2-1/2"]
[Annotator "TA"]
[ECO "E97"]
[WhiteElo "2646"]
[BlackElo "2370"]
[PlyCount "60"]
[EventDate "2024.11.24"]
[EventType "swiss"]
[EventCountry "QAT"]
[SourceTitle "playchess.com"]
[Source "ChessBase"]
[SourceQuality "1"]
[TimeControl "40/5400+30:1800+30"]

1. d4 Nf6 2. c4 g6 3. Nc3 Bg7 4. e4 d6 5. Be2 O-O 6. Nf3 e5 7. O-O Nc6 8. dxe5 Nxe5 9. Nxe5 dxe5 10. Be3 c6 11. b4 Be6 12. Qa4 Qc7 13. Rfd1 (13. Bxa7 $2 b5 (13... b6 $2 14. Bxb6 Qxb6 15. Qb3 $19) 14. cxb5 Rxa7 $19 (14... Qxa7 15. Qxa7 Rxa7 16. bxc6 $11)) 13... Rfe8 14. Rac1 (14. Bxa7 $2 b6 15. h4 Rxa7 $19 (15... Qxa7 $2 16. Qxc6 Qa3 17. Rdc1 $19)) 14... Ng4 15. Bc5 (15. Bxa7 $2 b6 (15... b5 $2 16. Qa5 $19) 16. h4 (16. Bxg4 $2 Bxg4 17. Re1 Rxa7 $19) 16... Rxa7 $19 (16... Qxa7 $2 17. Qxa7 Rxa7 18. Rd6 $19)) 15... Bh6 16. Rb1 Red8 17. h3 (17. Bxa7 $2 {is the wrong capture.} Nxf2 18. Kxf2 (18. Rxd8+ Qxd8 $17) 18... Rxd1 19. Rxd1 b6 $17) 17... Nf6 18. Rxd8+ (18. Bxa7 $2 Bd2 19. Qc2 Bxc3 20. Rxd8+ Qxd8 $19) 18... Qxd8 19. Rd1 {[%emt 0:08:45] Dodges Qd2} ({Much weaker is} 19. Bxa7 Qd2 20. Be3 Bxe3 21. Qxa8+ Kg7 22. fxe3 Qxc3 $15) 19... Nd7 20. Qc2 Qh4 21. Bd6 Qg5 22. Kh1 (22. Kh2 {looks sharper.} Bf8 23. Na4 Rd8 24. Bc7) 22... Qf6 23. Kg1 Qg5 24. Kh1 Qf4 25. Kg1 {[%emt 0:00:22] The position is equal.} Qg5 26. Kh1 Qf6 27. Kg1 Qg5 28. Kh1 Qf4 29. Kg1 Qg5 30. Kh1 Qf4 {[%emt 0:00:05] Not much happened in this game.   Weighted Error Value: White=0.06 (flawless) /Black=0.07 (flawless) .  Inaccurate:     	White=1     	Black=1      OK:         	White=11    	Black=7} 1/2-1/2

[Event "Qatar Masters 2024"]
[Site "Doha"]
[Date "2024.12.03"]
[Round "1.13"]
[White "Nurgaliyev, Sauat"]
[Black "Sargsyan, Shant"]
[Result "0-1"]
[Annotator "TA"]
[ECO "B90"]
[WhiteElo "2382"]
[BlackElo "2655"]
[PlyCount "80"]
[EventDate "2024.11.24"]
[EventType "swiss"]
[EventCountry "QAT"]
[SourceTitle "playchess.com"]
[Source "ChessBase"]
[SourceQuality "1"]
[TimeControl "40/5400+30:1800+30"]

1. e4 c5 2. Nf3 d6 3. d4 cxd4 4. Nxd4 Nf6 5. Nc3 a6 6. Bd3 g6 7. f3 e5 8. Nb3 Be6 9. Be3 {[%emt 0:03:23] The position is equal.} Nbd7 10. Qd2 b5 11. O-O-O Nb6 12. Kb1 Rb8 13. Qf2 (13. Na5 $14 Qc8 14. Bxb6 Rxb6 15. a3) 13... Na4 {[%emt 0:02:33] [#]} 14. Nd5 Bxd5 15. exd5 Bg7 16. Be4 h5 17. Qd2 b4 18. Qd3 Rb5 19. Bg5 Qc7 20. h4 Nh7 21. g4 {[%emt 0:06:40] [#] Black must now prevent gxh5.} f5 $1 22. gxf5 (22. gxh5 gxh5) 22... Nxg5 23. f6 $132 {[%emt 0:03:09][%mdl 2048] White is not keeping still} Nxe4 24. fxg7 {[%emt 0:00:03] [#]} Nec3+ $1 25. bxc3 Qxg7 26. cxb4 {[%emt 0:02:30] Black converts the advantage convincingly.} (26. c4 $1 $11 Rb8 27. Rdg1) 26... Rxb4 {[%emt 0:02:28][%cal Oe5e4] ...e4! would now be deadly.} 27. c4 $2 (27. Rde1 O-O 28. Kc1) 27... O-O $19 28. Rh2 {[%emt 0:03:18] [#]} e4 $1 29. fxe4 Nc3+ 30. Kc2 Nxd1 31. Kxd1 Qe5 32. Rg2 Kh7 33. Rg5 {[%emt 0:01:01] [#]} (33. Qd4 $19 Rf1+ 34. Ke2 Qxd4 (34... Qf4 $2 35. Nd2 $19) 35. Nxd4) 33... Rxb3 $1 34. Qxb3 {[%emt 0:01:10][%mdl 4096] Endgame. KQR-KQR} (34. axb3 Qa1+) 34... Qd4+ {[%emt 0:00:28] Black mates.} 35. Ke1 Qxe4+ 36. Kd1 Rf1+ 37. Kd2 Qd4+ 38. Kc2 Rf2+ 39. Kb1 Qe4+ 40. Kc1 Qe1+ {[%emt 0:00:09] Weighted Error Value: White=0.51/Black=0.05 (flawless) .  Loses game:     	White=1     	---        Mistake:       	White=3     	---        Inaccurate:     	White=3     	Black=3      OK:         	White=9     	Black=13     Best:        	White=2     	Black=1      Brilliant:      	---       	Black=3} 0-1

[Event "Qatar Masters 2024"]
[Site "Doha"]
[Date "2024.12.03"]
[Round "1.14"]
[White "Mendonca, Leon Luke"]
[Black "Kiolbasa, Oliwia"]
[Result "1/2-1/2"]
[Annotator "TA"]
[ECO "C78"]
[WhiteElo "2631"]
[BlackElo "2374"]
[PlyCount "141"]
[EventDate "2024.11.24"]
[EventType "swiss"]
[EventCountry "QAT"]
[SourceTitle "playchess.com"]
[Source "ChessBase"]
[SourceQuality "1"]
[TimeControl "40/5400+30:1800+30"]

1. e4 e5 2. Nf3 Nc6 3. Bb5 a6 4. Ba4 Nf6 5. O-O Bc5 6. c3 b5 7. Bb3 d6 8. d4 Bb6 9. Be3 O-O 10. Nbd2 h6 11. h3 Re8 12. Re1 {[%emt 0:03:41] C78: Ruy Lopez: Archangelsk and Möller Defences.} Rb8 {[%emt 0:02:30] seems to push 12...exd4 aside.} 13. Bc2 Bb7 14. a4 exd4 15. cxd4 Nb4 16. axb5 axb5 17. d5 c6 18. dxc6 Nxc6 19. Ra3 $146 ({Predecessor:} 19. Bd3 Bxe3 20. Rxe3 Qb6 21. Qb3 Bc8 22. Qa3 b4 23. Qa4 Be6 24. Qa6 Qc5 {½-½ Narayanan,S (2647)-Puranik,A (2568) Yerevan op 3rd 2021 (9)}) 19... d5 20. Bxb6 Qxb6 21. e5 Nd7 22. Rae3 d4 23. R3e2 Nb4 24. e6 Rxe6 25. Rxe6 fxe6 26. Bb3 Nf8 27. Ne5 Rd8 28. Qh5 Qc7 29. Qg4 Bd5 30. Qxd4 Nc2 31. Bxc2 Qxc2 (31... Bxg2 $11 32. Qh4 Rxd2) 32. Ne4 (32. Nf1 $1 $14) 32... Ra8 33. Nc5 Ra2 34. Ncd3 Qd2 (34... Qa4 $1 $14 35. Nb4 Ra1 36. Rxa1 Qxa1+ 37. Kh2 Qa8) 35. Rc1 $16 Qg5 36. Qg4 (36. Nf4 {seems wilder.} Ra4 37. b4 Bc4 38. g3) 36... Qxg4 37. hxg4 Kh7 {[%emt 0:01:49] [#]} 38. Nf4 (38. Rc5 $1 $16) 38... Ra4 $1 $11 (38... Rxb2 $2 {loses.} 39. Rc8 $18) 39. Nxd5 exd5 40. Rc5 Ng6 41. Nxg6 Kxg6 42. Rxb5 Rd4 43. Kh2 h5 (43... Rxg4 $11 {remains equal.} 44. Rxd5 Rb4) 44. gxh5+ $16 Kxh5 45. Kg3 Kg5 46. Kf3 Kf5 47. Ke3 Rd1 48. Ke2 Rd4 49. Rb3 Rc4 50. Kd2 g5 51. Re3 ({White should try} 51. Rf3+ $16 Ke4 52. b3) 51... Rb4 52. Kc2 Rc4+ 53. Rc3 Rb4 54. b3 g4 55. Rc8 d4 56. g3 Rb7 57. Rf8+ Ke5 58. Rf4 Rc7+ 59. Kd2 Rc3 60. Rxg4 Rxb3 61. Rf4 Rb2+ 62. Kd3 Rb3+ 63. Kc2 Rc3+ 64. Kd2 Ra3 65. Rf8 Ke4 66. g4 Ra2+ 67. Kc1 d3 68. g5 Ra1+ 69. Kd2 Ra2+ 70. Kd1 Ra1+ 71. Kd2 1/2-1/2

[Event "Qatar Masters 2024"]
[Site "Doha"]
[Date "2024.12.03"]
[Round "1.15"]
[White "Arun Kataria"]
[Black "Karthikeyan, Murali"]
[Result "0-1"]
[Annotator "TA"]
[ECO "B32"]
[WhiteElo "2370"]
[BlackElo "2625"]
[PlyCount "128"]
[EventDate "2024.11.24"]
[EventType "swiss"]
[EventCountry "QAT"]
[SourceTitle "playchess.com"]
[Source "ChessBase"]
[SourceQuality "1"]
[TimeControl "40/5400+30:1800+30"]

1. e4 c5 2. Nf3 Nc6 3. d4 cxd4 4. Nxd4 e5 5. Nb5 d6 6. c4 a6 {[%emt 0:00:29] 6...g6 gains popularity.} 7. N5c3 {[%emt 0:00:05] B32: Sicilian: Löwenthal and Kalashnikov Variations.} g6 8. Be3 Bg7 9. Nd5 Nd4 10. Nbc3 Be6 11. Rc1 $146 ({Predecessor:} 11. Bd3 h6 12. Qa4+ Bd7 13. Qb4 Bc6 14. O-O Ne7 15. f4 Bxd5 16. cxd5 b5 17. a4 {1-0 Torok,F (2325)-Machacek,P Lang Memorial-A 7th 1987 (9)}) 11... Nf6 12. Bxd4 exd4 13. Qxd4 O-O 14. Qb6 Bxd5 15. Qxd8 Rfxd8 16. cxd5 Rac8 17. Bd3 b5 18. O-O Nd7 19. Bb1 Rc5 20. f4 Bd4+ 21. Kh1 Rdc8 22. Rce1 (22. Rf3 $2 b4 23. Rff1 bxc3 $19) 22... Nb6 23. Nd1 Rc1 24. Nc3 Rxe1 25. Rxe1 b4 ({Better is} 25... Bxc3 $17 26. bxc3 Rxc3) 26. Ne2 $1 $15 Bxb2 27. Bd3 a5 28. Rb1 Na4 29. Kg1 Bf6 30. Rc1 Rxc1+ 31. Nxc1 Nc3 32. Kf2 a4 33. Bc4 Nxe4+ 34. Ke3 Nc3 35. Kd3 Kg7 36. Kc2 Kh6 37. Nd3 Ne2 (37... Kh5 $1 $17 38. f5 gxf5 39. Nxb4 Kg5) 38. Nxb4 (38. Kd2 $11 {is more appropriate.} Nc3 39. Nxb4) 38... Nxf4 $15 39. g3 Nh5 40. Bb5 a3 41. Kb3 ({White should play} 41. Nc6 $15) 41... Bd4 $1 $17 42. Kxa3 (42. g4 $142 Nf4 43. Be8) 42... Bg1 $1 $17 43. g4 Nf4 44. h4 Bf2 45. Kb3 Bxh4 46. a4 Kg5 47. Bd7 {[%emt 0:00:00] [#]} Bf2 $1 48. Kc4 h5 49. gxh5 gxh5 50. Nc6 h4 51. a5 $2 {[%emt 0:02:06][%mdl 8192] [#]} (51. Nd8 $17) 51... f5 $1 $19 52. a6 h3 53. Nd4 Bxd4 54. Kxd4 h2 55. a7 h1=Q (55... h1=R $2 {perishes.} 56. a8=Q (56. a8=B $2 {loses.} Ng6 $19) 56... Rd1+ 57. Ke3 Nxd5+ 58. Kf2 $18) 56. a8=Q Qd1+ 57. Kc3 Nxd5+ (57... Qxd5 58. Qd8+ Kg4 59. Qe8 $19) 58. Kb2 Qd2+ 59. Ka1 Qc1+ 60. Ka2 Qc2+ 61. Ka1 Nc3 62. Qg8+ Kf4 63. Qc4+ Kg3 64. Bxf5 Qc1+ 0-1

[Event "Qatar Masters 2024"]
[Site "Doha"]
[Date "2024.12.03"]
[Round "1.16"]
[White "Naiditsch, Arkadij"]
[Black "Aitbayev, Aslan"]
[Result "1-0"]
[Annotator "TA"]
[ECO "C18"]
[WhiteElo "2636"]
[BlackElo "2369"]
[PlyCount "59"]
[EventDate "2024.11.24"]
[EventType "swiss"]
[EventCountry "QAT"]
[SourceTitle "playchess.com"]
[Source "ChessBase"]
[SourceQuality "1"]
[TimeControl "40/5400+30:1800+30"]

1. e4 e6 2. d4 d5 3. Nc3 Bb4 4. e5 c5 5. a3 Bxc3+ 6. bxc3 Ne7 7. h4 Qc7 8. h5 h6 9. Rh3 b6 10. a4 {[%emt 0:03:20] The position is equal.} Ba6 11. Bb5+ Bxb5 12. axb5 a5 13. Qg4 Nf5 14. Ne2 Nd7 15. Qf4 g5 ({Much weaker is} 15... cxd4 $6 16. cxd4 O-O 17. Ba3 $16) (15... Ne7 $11) 16. hxg6 $16 fxg6 17. Qh2 {[%emt 0:07:30] aiming for g4. White is more active.} g5 $2 {[%emt 0:16:21] A mistake that costs the game.} (17... h5 $16) 18. Bxg5 $18 {[%emt 0:04:04] g4 would now be deadly.} Rg8 19. Bxh6 O-O-O {[%emt 0:01:17] [#]} 20. f4 $1 Kb7 21. Bg5 Rxg5 (21... Rc8 $142 22. g4 Ng7) 22. fxg5 {[%emt 0:00:08] White is clearly winning.} cxd4 23. cxd4 ({Weaker is} 23. Nxd4 Nxd4 24. cxd4 Qxc2 $18) 23... Qxc2 24. Qf4 Qb2 25. Rc1 Qxb5 26. Rh7 Ne7 27. Qd2 ({Not} 27. Rxe7 Qb4+ 28. Qd2 Qxe7 $14) 27... Re8 28. Nf4 Nf8 29. Rf7 Kb8 30. Qc3 {[%emt 0:02:56] Weighted Error Value: White=0.02 (flawless) /Black=0.45.  Loses game:     	---       	Black=1      Mistake:       	---       	Black=2      OK:         	White=8     	Black=4      Best:        	White=2     	---        Strong:       	White=1     	---} 1-0

[Event "Qatar Masters 2024"]
[Site "Doha"]
[Date "2024.12.03"]
[Round "1.17"]
[White "Bakhrillaev, Bakhrom"]
[Black "Ivanchuk, Vasyl"]
[Result "1/2-1/2"]
[Annotator "TA"]
[ECO "B42"]
[WhiteElo "2369"]
[BlackElo "2640"]
[PlyCount "81"]
[EventDate "2024.11.24"]
[EventType "swiss"]
[EventCountry "QAT"]
[SourceTitle "playchess.com"]
[Source "ChessBase"]
[SourceQuality "1"]
[TimeControl "40/5400+30:1800+30"]

1. e4 c5 2. Nf3 e6 3. d4 cxd4 4. Nxd4 a6 5. Bd3 Bc5 6. Nb3 Be7 7. O-O d6 8. c4 Nf6 9. Nc3 b6 10. f4 {[%emt 0:02:12] e5 would now be deadly.} Nbd7 11. Qe2 Bb7 {[%emt 0:01:09] White is slightly better.} 12. Kh1 h5 13. Nd4 Ng4 (13... h4 $11 {keeps the balance.}) 14. Bd2 $16 Qc7 15. h3 Ngf6 16. f5 e5 17. Nf3 h4 18. Qe1 Qd8 19. Nxh4 ({White should try} 19. Qe3 $14) 19... Nc5 $11 20. Bc2 {[%emt 0:00:07] next Nf3 is good for White.} Nfxe4 21. Nxe4 Rxh4 22. f6 Nxe4 (22... Bxe4 $11 23. fxg7 (23. Qxh4 Bxf6 24. Qh8+ Kd7 $17) 23... Kd7 (23... Rxh3+ $2 {too greedy.} 24. Kg1 $18) 24. Rxf7 Qe8 25. Bxe4 Rxe4) 23. Qxh4 ({Better is} 23. fxg7 $16 Kd7 (23... Rxh3+ $2 24. Kg1 $18) 24. Rxf7) 23... Bxf6 24. Qh8+ Ke7 25. Qxd8+ Rxd8 26. Be1 a5 27. Rd1 Bg5 28. Rd3 Nc5 {[%emt 0:04:01] Dodges Rb3} 29. Rg3 f6 30. Bf2 Bc6 (30... Ba6 $5) 31. Kg1 Rb8 32. Re1 (32. Rd1 $14) 32... Ne6 {[%emt 0:01:11] The position is equal.} 33. Be4 Bxe4 34. Rxe4 f5 35. Re2 Bh4 $1 36. Rd3 Bxf2+ 37. Rxf2 g6 38. Rfd2 Nd4 39. Kf2 b5 40. cxb5 Rxb5 41. Rc3 {[%emt 0:30:54] Weighted Error Value: White=0.13 (very precise) /Black=0.09 (flawless) .  Mistake:       	White=3     	Black=2      Inaccurate:     	White=2     	Black=2      OK:         	White=12    	Black=16     Best:        	---       	Black=2      Strong:       	---       	Black=1} 1/2-1/2